 Dungeon Crawl Stone Soup version 0.29-a0-615-gdeedd76 (webtiles) character file.

Game seed: 6961900357646719674

520 ModulinGlobulin the Skirmisher (level 7, -9/44 HPs)
             Began as a Gargoyle Monk on June 18, 2022.
             Mangled by an ogre
             ... wielding a +0 giant club
              (23 damage)
             ... on level 5 of the Dungeon.
             The game lasted 00:17:27 (5278 turns).

ModulinGlobulin the Skirmisher (Gargoyle Monk)      Turns: 5278, Time: 00:17:28

Health: -9/44      AC: 11    Str: 17    XL:     7   Next: 21%
Magic:  9/9        EV: 11    Int: 10    God:
Gold:   271        SH:  0    Dex: 12    Spells: 6/8 levels left

rFire   . . .      SeeInvis .   a - +0 mace (freeze)
rCold   . . .      Faith    .   (no shield)
rNeg    + . .      Spirit   .   d - +0 ring mail
rPois   ∞          Reflect  .   (helmet restricted)
rElec   +          Harm     .   (no cloak)
rCorr   .          Rampage  .   j - +0 pair of gloves
Will    .....                   (no boots)
Stlth   +.........              f - amulet of magic regeneration
HPRegen 0.14/turn               g - ring of wizardry
MPRegen 0.51/turn               (no ring)

@: flying
A: sickness immunity, AC +4, negative energy resistance 1, electricity
resistance, torment resistance 1, petrification resistance, antennae 1, big
wings, high MP 1
a: no special abilities


You were on level 5 of the Dungeon.
You visited 1 branch of the dungeon, and saw 5 of its levels.

You collected 271 gold pieces.

Inventory:

Hand Weapons
 a - a +0 mace of freezing (weapon)
 e - a +0 quarterstaff
Armour
 b - a +0 robe
 d - a +0 ring mail (worn)
 j - a +0 pair of gloves (worn)
Jewellery
 f - an amulet of magic regeneration (around neck)
 g - a ring of wizardry (left hand)
Scrolls
 h - 3 scrolls of blinking
 n - 3 scrolls of identify
 q - a scroll of amnesia
Potions
 c - 2 potions of ambrosia
 i - 3 potions of heal wounds
 k - a potion of might


   Skills:
 + Level 5.1 Fighting
 + Level 4.6 Maces & Flails
 + Level 3.7 Armour
 - Level 3.6 Dodging
 - Level 2.1 Stealth
 + Level 1.0 Spellcasting
 + Level 0.8 Transmutations


You had 6 spell levels left.
You knew the following spells:

 Your Spells              Type           Power      Damage    Failure   Level
a - Wereblood             Tmut           2%         N/A       26%         2

Your spell library contained the following spells:

 Spells                   Type           Power      Damage    Failure   Level
 Freeze                   Ice            0%         1d3       24%         1
 Ensorcelled Hibernation  Hex/Ice        0%         N/A       32%         2
 Spider Form              Tmut/Pois      1%         N/A       50%         3
 Frozen Ramparts          Ice            0%         1d2       54%         3
 Anguish                  Hex/Necr       0%         N/A       90%         4
 Hailstorm                Conj/Ice       0%         3d3       90%         4
 Summon Hydra             Summ           0%         N/A       100%        7
 Sublimation of Blood     Necr           Unusable   N/A       N/A         2

Dungeon Overview and Level Annotations

Branches:
Dungeon (5/15)
 Temple: D:4-7

Altars:

Shops:
D:5 !


Innate Abilities, Weirdness & Mutations

You are immune to sickness and miasma.
Your stone body is resilient. (AC +4)
You are immune to poison.
You resist negative energy. (rN+)
You are resistant to electric shocks. (rElec)
You are resistant to unholy torment.
You are immune to petrification.
You have a pair of small antennae on your head.
Your large and strong wings let you fly.
You have an increased reservoir of magic. (+10% MP)


Message History

There is a stone staircase leading up here.
You see here a potion of lignification.
An orc priest comes into view. It is wielding a +0 falchion.
You see here an amulet of magic regeneration.
An orc priest and an orc come into view.
The orc priest is wielding a +2 dagger of electrocution.
The orc is wielding a +1 vampiric dagger.
Found a stone staircase leading up.
The orc priest shouts! x2; The orc shouts!
An orc comes into view. It is wielding a +0 hand axe. x2
The orc priest begins to cast a cantrip, but forgets the words!
The orc shouts!
The orc priest invokes the aid of Beogh against you.
Beogh smites you!
The orc priest looks encouraged for a moment.
There is a stone staircase leading up here.
The orc priest miscasts a cantrip.
You fly upwards.
There is a stone staircase leading down here.
There is a stone staircase leading down here.
You fly downwards.
The ogre shouts!
Found Raojoin's Distillery.
There is a stone staircase leading up here.
The ogre closely misses you.
You hit the ogre but do no damage. The ogre closely misses you.
You hit the ogre. You freeze the ogre.
The ogre is lightly wounded.
The ogre hits you with a +0 giant club!!
Ouch! That really hurt!
* * * LOW HITPOINT WARNING * * *
You hit the ogre. You freeze the ogre.
The ogre is heavily wounded.
You thump the ogre! You freeze the ogre.
The ogre is almost dead.
The ogre barely misses you.
You hit the ogre but do no damage.
The ogre is almost dead.
The ogre hits you with a +0 giant club!!
Ouch! That really hurt!
You die...

########
#......#
#......#
#......# .#
###.O....#
.#
#..∩.@.<.#
.#
#..#......#
.# #......#
o#####
#......#
.#...#.
#.######
....... #.
....... #.
.?..... #.
.......


You could see an ogre.

Vanquished Creatures
  An ogre (D:4)
  2 scorpions
  A howler monkey (D:4)
  A jelly (D:4)
  An orc priest (D:4)
  Jessica (D:3)
  Natasha (thrice) (D:2)
  5 adders
  2 worms
  2 dart slugs (D:4)
  2 orcs (D:4)
  6 bats
  5 endoplasms
  3 giant cockroaches
  10 goblins
  7 hobgoblins
  6 kobolds
  2 quokkas
  8 ball pythons
  A frilled lizard (D:2)
  10 rats
79 creatures vanquished.

Notes
Turn   | Place    | Note
-------+----------+-------------------------------------------
     0 | D:1      | ModulinGlobulin the Gargoyle Monk began the quest for the
                  | Orb.
     0 | D:1      | Reached XP level 1. HP: 14/14 MP: 1/1
   322 | D:1      | Reached XP level 2. HP: 14/19 MP: 2/2
   970 | D:1      | Reached skill level 1 in Armour
  1494 | D:2      | Reached XP level 3. HP: 23/23 MP: 3/3
  1565 | D:2      | HP: 1/24 [frozen (5)]
  2337 | D:2      | Reached XP level 4. HP: 25/29 MP: 4/4
  2495 | D:2      | Noticed Natasha
  2515 | D:2      | Killed Natasha
  2516 | D:2      | Reached skill level 4 in Fighting
  2867 | D:2      | Noticed Natasha
  3042 | D:2      | Killed Natasha
  3043 | D:2      | Reached XP level 5. HP: 17/33 MP: 5/5
  3059 | D:2      | Noticed Natasha
  3082 | D:2      | Killed Natasha
  3490 | D:3      | Noticed Jessica
  3506 | D:3      | Killed Jessica
  3507 | D:3      | Reached XP level 6. HP: 37/39 MP: 6/6
  3654 | D:3      | Found a faded altar of an unknown god.
  4586 | D:4      | Learned a level 2 spell: Wereblood
  4589 | D:4      | Gained mutation: You have an increased reservoir of magic.
                  | (+10% MP) [potion of mutation]
  4589 | D:4      | Gained mutation: You have a pair of small antennae on your
                  | head. [potion of mutation]
  4589 | D:4      | Gained mutation: Your large and strong wings let you fly.
                  | [potion of mutation]
  4822 | D:4      | Reached skill level 5 in Fighting
  4822 | D:4      | Reached XP level 7. HP: 41/44 MP: 8/8
  4865 | D:4      | Reached skill level 1 in Spellcasting
  5216 | D:5      | Entered Level 5 of the Dungeon
  5271 | D:5      | Found Raojoin's Distillery.
  5278 | D:5      | Mangled by an ogre

Illustrated notes

Levels and vault maps discovered:
D:1:      erik_arrival_cave_to_civilisation [erik_arrival_cave_to_hall],
          layout_basic
D:2:      minmay_spotlight, layout_basic, uniq_natasha
D:3:      layout_basic, shapermc_ecumenical_altar_petra, serial_bayou_ford_a,
          uniq_jessica
D:4:      layout_basic
D:5:      layout_rooms, zin_statuary, minmay_temple_entry_fiery, serial_shops,
          shop

Skill      XL: |  1  2  3  4  5  6  7 |
---------------+----------------------+-----
Armour         | 1 2 3 |  3.7
Fighting       | 4 5 |  5.1
Dodging        | 3 |  3.6
Maces & Flails | 4 |  4.6
Spellcasting   | 1 |  1.0
Stealth        | |  2.1
Transmutations | |  0.8

Action                   |  1- 3 |  4- 6 |  7- 9 || total
-------------------------+-------+-------+-------++-------
Melee: Quarterstaff      |   113 |   149 |       ||   262
       Mace              |     1 |    13 |    22 ||    36
  Use: Scroll            |     2 |     6 |       ||     8
       Potion            |     1 |     6 |       ||     7
 Stab: Sleeping          |     3 |       |       ||     3
       Distracted        |       |     1 |       ||     1
Armor: Robe              |    28 |       |       ||    28
       Ring mail         |    20 |    87 |     7 ||   114
Dodge: Dodged            |    94 |    79 |    15 ||   188

Table legend: (Time is in decaauts)
 A = Elapsed time spent in this place.
 B = Non-inter-level travel time spent in this place.
 C = Inter-level travel time spent in this place.
 D = Time resting spent in this place.
 E = Time spent auto-exploring this place.
 F = Levels seen in this place.
 G = Mean time per level.
                   A        B        C        D        E       F      G
               +--------+--------+--------+--------+--------+-----+--------+
         Total |   5337 |   5221 |    116 |    532 |   3790 |   5 | 1067.4 |
       Dungeon |   5337 |   5221 |    116 |    532 |   3790 |   5 | 1067.4 |
               +--------+--------+--------+--------+--------+-----+--------+

Top non-repeatable levels by time:
     D:2: 1896 daAuts
     D:1: 1463 daAuts
     D:4: 1017 daAuts
     D:3: 940 daAuts
     D:5: 19 daAuts
